 Dungeon Crawl Stone Soup version 0.25-a0-865-gd392131cc7 (webtiles) character file.

Game seed: 14566795084920791090, levelgen mode: deterministic

1999 Anathary the Cleaver (level 9, -1/78 HPs)
             Began as a Hill Orc Fighter on Apr 30, 2020.
             Was a Believer of Beogh.
             Slain by a gnoll
             ... wielding a +2 halberd of venom
              (4 damage)
             ... on level 5 of the Dungeon.
             The game lasted 00:21:08 (5823 turns).

Anathary the Cleaver (Hill Orc Fighter)             Turns: 5823, Time: 00:21:09

Health: -1/78      AC: 13    Str: 22    XL:     9   Next: 21%
Magic:  9/9        EV:  8    Int:  8    God:    Beogh [**....]
Gold:   256        SH:  9    Dex: 10    Spells: 8/8 levels left

rFire    + . .     SeeInvis .   a - +1 war axe
rCold    . . .     Gourm    .   c - +0 kite shield
rNeg     . . .     Faith    .   B - +4 scale mail {rF+}
rPois    .         Spirit   .   e - +0 helmet
rElec    .         Reflect  .   u - +0 cloak
rCorr    .         Harm     .   (no gloves)
MR       .....                  (no boots)
Stlth    +.........             (no amulet)
HPRegen  0.23/turn              j - ring of flight
MPRegen  0.11/turn              r - ring of stealth

@: mighty, lethally poisoned (-1 -> -7)
A: no striking features
a: Smiting, Renounce Religion, Evoke Flight


You were on level 5 of the Dungeon.
You worshipped Beogh.
Beogh was pleased with you.
You were not hungry.

You visited 1 branch of the dungeon, and saw 5 of its levels.

You collected 256 gold pieces.

Inventory:

Hand Weapons
 a - a +1 war axe (weapon)
 A - a +4 flail of protection
Armour
 c - a +0 kite shield (worn)
 e - a +0 helmet (worn)
 u - a +0 cloak (worn)
 x - a +2 robe of positive energy
 B - a +4 scale mail of fire resistance (worn)
Jewellery
 j - a ring of flight (left hand)
 r - a ring of stealth (right hand)
Wands
 y - a wand of random effects (18)
 C - a wand of iceblast (8)
Scrolls
 b - 2 scrolls of identify
 g - a scroll of magic mapping
 k - 3 scrolls of remove curse
 o - a scroll of teleportation
 p - a scroll of amnesia
 q - a scroll of enchant armour
Potions
 h - a potion of mutation {unknown}
 i - 2 potions of berserk rage
 s - a potion of brilliance
 v - a potion of invisibility {unknown}
 w - a potion of ambrosia {unknown}
 z - a potion of flight {unknown}
Comestibles
 f - 2 rations


   Skills:
 + Level 6.7 Fighting
 * Level 12.7 Axes
 - Level 3.2 Armour
 + Level 3.2 Dodging
 + Level 0.9 Stealth
 - Level 3.2 Shields


You had 8 spell levels left.
You didn't know any spells.
Your spell library was empty.

Dungeon Overview and Level Annotations

Branches:
Dungeon (5/15)
 Temple: D:4-7

Altars:
Kikubaaqudgha

Annotations:
D:5 1 runed translucent door, endorz's ghost, novice MiFi


Message History

* * * LOW HITPOINT WARNING * * *
* * * LOW HITPOINT WARNING * * *
You feel sick. The gnoll barely misses you.
There is an open door, spattered with blood here.
Items here: ( ))))) † Your shield and scale mail prevent you from hitting the gnoll.
* * * LOW HITPOINT WARNING * * *
You feel sick. The gnoll barely misses you.
Your shield and scale mail prevent you from hitting the gnoll.
* * * LOW HITPOINT WARNING * * *
You feel sick.
You slash the gnoll!
The gnoll is almost dead.
The gnoll completely misses you.
You barely miss the gnoll.
The gnoll is almost dead.
* * * LOW HITPOINT WARNING * * *
You feel sick.
The gnoll hits you with a +2 halberd of venom.
You die...

###+# ≈.# ######++##### ≈.#
.g........... ≈.# ..g.g.g......
≈.# ....g..... ≈.# .g.... ≈.#
####### ##''## ###### ≈.#
#.....#######....#######..#.. ≈.#
#....)))..))@g...'.....'..#s.
###+#.....#######....#######..#..
#...#############''''############
#ggg#............................
#####≈≈≈≈≈≈≈≈≈≈≈≈....≈≈≈≈≈≈≈≈≈≈≈≈
≈≈≈≈≈≈≈≈≈≈≈≈≈≈≈≈≈....≈≈≈≈≈≈≈≈≈≈≈≈
≈≈≈≈≈≈≈≈≈≈≈≈≈≈≈≈≈....≈≈≈≈≈≈≈≈≈≈≈≈
.........)................)......
###......)...........#...†...<...


You could see a gnoll.

Vanquished Creatures
  Prince Ribbit (D:5)
  Eustachio (D:4)
  Edmund (D:4)
  A sky beast (D:5)
  3 ogres
  Blork the orc (D:4)
  A bullfrog (D:4)
  A bullfrog zombie (D:5)
  2 jellies
  7 gnoll shamans
  2 orc priests (D:4)
  4 hounds
  An orc wizard (D:4)
  2 worker ants (D:4)
  An iguana (D:4)
  Robin (D:4)
  27 gnolls
  12 adders
  2 worms (D:4)
  A dart slug (D:2)
  4 leopard geckos
  10 orcs
  2 ball pythons
  7 bats
  3 giant cockroaches
  12 goblins
  5 hobgoblins
  19 jackals
  7 kobolds
  5 rats
146 creatures vanquished.

Vanquished Creatures (others)
  An orc wizard (D:4)
  An adder (D:4)
  An orc (D:4)
3 creatures vanquished.

Grand Total: 149 creatures vanquished

Notes
Turn   | Place    | Note
-------+----------+-------------------------------------------
     0 | D:1      | Anathary the Hill Orc Fighter began the quest for the Orb.
     0 | D:1      | Reached XP level 1. HP: 19/19 MP: 1/1
   100 | D:1      | Reached skill level 3 in Axes
   235 | D:1      | Reached XP level 2. HP: 27/27 MP: 2/2
   982 | D:2      | Reached XP level 3. HP: 23/34 MP: 3/3
  1183 | D:2      | Found an ancient bone altar of Kikubaaqudgha.
  1185 | D:2      | Reached skill level 4 in Axes
  2011 | D:3      | Reached XP level 4. HP: 38/41 MP: 4/4
  2140 | D:3      | Reached skill level 5 in Axes
  2628 | D:3      | Reached XP level 5. HP: 44/47 MP: 5/5
  2729 | D:3      | Reached skill level 1 in Dodging
  3037 | D:3      | Reached skill level 6 in Axes
  3037 | D:3      | Reached XP level 6. HP: 43/55 MP: 6/6
  3570 | D:4      | Noticed Robin
  3604 | D:4      | Reached skill level 5 in Fighting
  3604 | D:4      | Reached skill level 7 in Axes
  3645 | D:4      | Killed Robin
  3970 | D:4      | Reached XP level 7. HP: 50/61 MP: 7/7
  4074 | D:4      | Noticed Edmund
  4107 | D:4      | Killed Edmund
  4107 | D:4      | Reached skill level 8 in Axes
  4224 | D:4      | Became a worshipper of Beogh the Brigand
  4464 | D:4      | Noticed Blork the orc
  4465 | D:4      | Noticed Eustachio
  4491 | D:4      | Reached skill level 9 in Axes
  4499 | D:4      | Killed Blork the orc
  4543 | D:4      | Killed Eustachio
  4543 | D:4      | Reached XP level 8. HP: 32/70 MP: 8/8
  4543 | D:4      | Reached skill level 10 in Axes
  5059 | D:5      | Entered Level 5 of the Dungeon
  5106 | D:5      | Found a runed translucent door.
  5106 | D:5      | Noticed endorz's ghost (novice MiFi)
  5335 | D:5      | Reached * piety under Beogh
  5415 | D:5      | Reached skill level 11 in Axes
  5494 | D:5      | Noticed Prince Ribbit
  5511 | D:5      | Killed Prince Ribbit
  5624 | D:5      | Reached skill level 12 in Axes
  5726 | D:5      | Reached XP level 9. HP: 78/78 MP: 9/9
  5758 | D:5      | Reached ** piety under Beogh
  5821 | D:5      | HP: 3/78 [poisoned by a gnoll]
  5823 | D:5      | Slain by a gnoll

Levels and vault maps discovered:
D:1:      eino_arrival_cavern_b, layout_basic, minmay_large_rounded_square,
          minivault_5
D:2:      mumra_celtic_spiral_tile, layout_loops_ring, kiku_gazebo_pond_becter,
          minmay_circle_x
D:3:      layout_basic, first_ration
D:4:      layout_basic, minmay_between, uniq_edmund, uniq_blork_the_orc,
          uniq_robin, uniq_eustachio
D:5:      lemuel_castle_with_subvaults [lemuel_castle_interior_original],
          layout_gridville, ebering_ghost_reflecting_pool, corexii_shack,
          uniq_prince_ribbit1

Skill      XL: |  1  2  3  4  5  6  7  8 |
---------------+-------------------------+-----
Axes           | 3 4 5 6 7 9 12 | 12.7
Fighting       | 4 5 6 |  6.7
Dodging        | 2 3 |  3.2
Armour         | |  3.2
Stealth        | |  0.9
Shields        | |  3.2

Action                   |  1- 3 |  4- 6 |  7- 9 || total
-------------------------+-------+-------+-------++-------
Melee: War axe           |    94 |   184 |   282 ||   560
Invok: Convert to Beogh  |       |       |     1 ||     1
  Use: Scroll            |       |     4 |     9 ||    13
       Potion            |       |       |     4 ||     4
 Stab: Sleeping          |       |     1 |       ||     1
  Eat: Ration            |     1 |     2 |     2 ||     5
       Chunk             |       |       |     2 ||     2
Armor: Scale mail        |    46 |    44 |   132 ||   222
       Robe              |       |    22 |     1 ||    23
Dodge: Dodged            |    26 |    65 |    97 ||   188
Block: Kite shield       |    44 |   106 |   153 ||   303

Table legend:
 A = Non-vault XP
 B = Vault XP
 C = Vault XP percentage of total XP
 D = Non-vault monster count
 E = Vault monster count
 F = Vault count percentage of total count
                 A         B        C        D         E       F
            +---------+---------+-------+---------+---------+-------
      Total |    1349 |    1508 |  52.8 |      83 |      63 |  43.2
            +---------+---------+-------+---------+---------+-------
        D:1 |      17 |       0 |   0.0 |      11 |       0 |   0.0
        D:2 |      40 |      20 |  33.3 |      13 |       4 |  23.5
        D:3 |     308 |       0 |   0.0 |      28 |       0 |   0.0
        D:4 |     545 |     519 |  48.8 |      22 |      16 |  42.1
        D:5 |     439 |     969 |  68.8 |       9 |      43 |  82.7
            +---------+---------+-------+---------+---------+-------
